 Dungeon Sprint DCSS version 0.21.1-1-g345015f (webtiles) character file.

134 Psiloshibe the Carver (level 8, -4/74 HPs)
             Began as a Barachi Berserker on June 10, 2018.
             Was a High Priest of Trog.
             Slain by a redback (18 damage)
             ... in the Dungeon (Sprint VI: "Thunderdome").
             The game lasted 00:04:17 (511 turns).

Psiloshibe the Carver (Barachi Berserker)            Turns: 511, Time: 00:04:17

Health: -4/74      AC:  0    Str: 21    XL:     8   Next: 32%
Magic:  8/8        EV: 15    Int: 13    God:    Trog [*****.]
Gold:   265        SH:  0    Dex: 11    Spells: 7/7 levels left

rFire    + . .     SeeInvis +   t - +0 long sword
rCold    . . .     Gourm    .   (no shield)
rNeg     . . .     Faith    .   (no armour)
rPois    +         Spirit   .   (no helmet)
rElec    +         Reflect  .   (no cloak)
rCorr    .         Harm     .   (no gloves)
MR       ++...     NoTele   +   (no boots)
Stlth    +.........             p - amulet "Nekog" {Regen+ Int+5}
HPRegen  1.62/turn              n - ring of Zalat {rPois rF+ SInv Stlth-}
MPRegen  0.11/turn              o - ring of Music {+Fly rElec}

@: regenerating, slow
A: +LOS, swims, slowness 1, strong legs 1
a: Hop, Berserk, Trog's Hand, Brothers in Arms, Burn Spellbooks, Renounce
Religion, Evoke Flight


You were in the Dungeon.
You worshipped Trog.
Trog was extremely pleased with you.
You were not hungry.

You visited 1 branch You collected 400 gold pieces.
You spent 135 gold pieces at shops.

Inventory:

Hand Weapons
 a - a +0 falchion
 r - a +3 hand axe
 t - a +0 long sword (weapon)
Missiles
 s - 11 steel javelins (quivered)
Armour
 u - a cursed +0 plate armour
Jewellery
 n - the ring of Zalat (left hand) {rPois rF+ SInv Stlth-}
   (You bought it in a shop in the Dungeon)

   [ring of loudness]

   It protects you from fire.
   It protects you from poison.
   It lets you see invisible.
   It makes you less stealthy.
 o - the ring of Music (right hand) {+Fly rElec}
   (You bought it in a shop in the Dungeon)

   [ring of flight]

   It insulates you from electricity.
   It lets you fly.
 p - the amulet "Nekog" (around neck) {Regen+ Int+5}
   (You bought it in a shop in the Dungeon)

   [amulet of regeneration]

   It affects your intelligence (+5).
   It increases your rate of regeneration.
Wands
 k - a wand of acid (5)
 l - a wand of iceblast (5)
Scrolls
 i - 4 scrolls of blinking
 m - 3 scrolls of fog
Potions
 d - a potion of curing
 e - 4 potions of heal wounds
 f - 4 potions of haste
 g - 2 potions of magic
 h - a potion of berserk rage
 j - a potion of resistance
Comestibles
 c - a ration
 q - 8 chunks of flesh


   Skills:
 + Level 10.7 Fighting
 + Level 13.6 Long Blades
 * Level 7.3 Throwing
 + Level 5.2 Armour
 + Level 7.0 Dodging
 + Level 2.2 Stealth
 + Level 1.1 Evocations


You had 7 spell levels left.
You didn't know any spells.

Dungeon Overview and Level Annotations

Branches:
Dungeon (1/1)

Altars:
Cheibriados
Dithmenos
Fedhas
Gozag
Kikubaaqudgha
Makhleb
Okawaru
Qazlal
Ru
Sif Muna
Trog
Uskayaw
Vehumet
Wu Jian
Xom
Yredelemnul
Zin
The Shining One
Beogh
Jiyva
Lugonu

Shops:
D *[%??*?*:[((!!!!


Innate Abilities, Weirdness & Mutations

Shadows flee at your approach. (+LOS)
You can swim through water.
You cover ground slowly.
You can hop short distances.


Message History

You slash the redback!
The redback is moderately wounded.
The redback bites you!
You hit the redback.
The redback is heavily wounded.
The redback completely misses you.
You barely miss the redback.
The redback is heavily wounded.
The redback bites you.
* * * LOW HITPOINT WARNING * * *
You barely miss the redback.
The redback is heavily wounded.
The redback bites you.
* * * LOW HITPOINT WARNING * * *
Your skin crawls.
You feel resistant to hostile enchantments.
You feel somewhat more hungry. The redback bites you!
* * * LOW HITPOINT WARNING * * *
The redback bites you!!
You die...

#⌠..[[......# #.<.# #..........⌠#
#⌠.........†###...###..........⌠#
##......†.....)###.............##
###∩........8.# #.8........∩###
##∩___....[.###......_._∩##
######.8.........8.######
#⌠...........⌠# ###.........###
#_..s@..._# #_........#
#_......._# #∩.......∩#
##∩.....∩## ##.....## ##⌠⌠⌠##
#####


You could see a redback.

Vanquished Creatures
  A jumping spider (D)
  Sigmund (D)
  A redback (D)
  An orc warrior (D)
  An ogre (D)
  Blork the orc (D)
  3 scorpions (D)
  3 orc priests (D)
  Jessica (D)
  A worker ant (D)
  2 adders (D)
  A worm (D)
  3 orcs (D)
  A goblin (D)
  A quokka skeleton (D)
22 creatures vanquished.

Notes
Turn   | Place    | Note
-------+----------+-------------------------------------------
     0 | D        | Psiloshibe the Barachi Berserker began the quest for the Orb.
     0 | D        | Reached XP level 1. HP: 18/18 MP: 1/1
     0 | D        | Found an opulent altar of Gozag.
     0 | D        | Found a corrupted altar of Lugonu.
     5 | D        | Found a stormy altar of Qazlal.
     5 | D        | Found a burning altar of Makhleb.
     5 | D        | Round 1.
     6 | D        | Found a shimmering altar of Xom.
     6 | D        | Found a radiant altar of Vehumet.
     6 | D        | Found a deep blue altar of Sif Muna.
     7 | D        | Found a roughly hewn altar of Beogh.
     8 | D        | Found Files's Delicious Food.
     8 | D        | Found a viscous altar of Jiyva.
     8 | D        | Found Los Hufi's Identification Station.
     8 | D        | Found a hide-covered altar of Uskayaw.
     9 | D        | Found Amev's Jewellery.
     9 | D        | Found Rizyorao's Advanced Armour.
     9 | D        | Found a glowing silver altar of Zin.
     9 | D        | Found a blossoming altar of Fedhas.
     9 | D        | Found a glowing golden altar of the Shining One.
    19 | D        | Bought a vibrating steel ring for 45 gold pieces
    19 | D        | Bought a wavering wooden ring for 45 gold pieces
    19 | D        | Bought a brightly glowing sapphire amulet for 45 gold pieces
    19 | D        | Identified the amulet "Nekog" {Regen+ Int+5} (You bought it in a shop in the Dungeon)
    20 | D        | Identified the ring of Zalat {rPois rF+ SInv Stlth-} (You bought it in a shop in the Dungeon)
    21 | D        | Identified the ring of Music {+Fly rElec} (You bought it in a shop in the Dungeon)
    31 | D        | Reached skill level 4 in Long Blades
    31 | D        | Reached XP level 2. HP: 10/26 MP: 2/2
    73 | D        | Reached ** piety under Trog
    81 | D        | Found an ornate altar of the Wu Jian Council.
    83 | D        | Found a snail-covered altar of Cheibriados.
    83 | D        | Found a sacrificial altar of Ru.
    92 | D        | Reached skill level 5 in Long Blades
    96 | D        | Reached skill level 5 in Fighting
   106 | D        | Arena points: 14 (+14) [x2]
   106 | D        | Reached skill level 1 in Throwing
   106 | D        | Reached XP level 3. HP: 12/34 MP: 3/3
   122 | D        | Round 2.
   123 | D        | Noticed Sigmund
   139 | D        | Killed Sigmund
   139 | D        | Reached *** piety under Trog
   139 | D        | Reached skill level 9 in Long Blades
   139 | D        | Reached XP level 4. HP: 19/44 MP: 4/4
   139 | D        | Reached XP level 5. HP: 21/49 MP: 5/5
   165 | D        | Found Ownielap's Magic Scroll Shop.
   166 | D        | Found Lareilul's Staff Store.
   167 | D        | Found Zeoquor's Magic Scroll Shop.
   167 | D        | Found Coen's Must-Have Magic.
   172 | D        | Found an iron altar of Okawaru.
   173 | D        | Found a basalt altar of Yredelemnul.
   174 | D        | Found an ancient bone altar of Kikubaaqudgha.
   175 | D        | Found Jodeupsa's Distillery.
   175 | D        | Found a shadowy altar of Dithmenos.
   175 | D        | Found a bloodstained altar of Trog.
   175 | D        | Found Rutiala's Do-It-Yourself Clinic.
   176 | D        | Found Wuokk's Distillery.
   176 | D        | Found Wabad's Bottled Wisdom.
   182 | D        | Found Bamil's Weapon Rack.
   182 | D        | Found Eptadu's Premium Goods.
   183 | D        | Found Huud's Basic Armour.
   183 | D        | Found Saocuece's Miscellaneous Merchandise.
   230 | D        | Noticed Jessica
   236 | D        | Killed Jessica
   236 | D        | Reached **** piety under Trog
   236 | D        | Reached XP level 6. HP: 56/56 MP: 6/6
   240 | D        | Received a gift from Trog
   240 | D        | Arena points: 50 (+36) [x3]
   287 | D        | Round 3.
   295 | D        | Noticed an orc warrior
   306 | D        | Killed an orc warrior
   306 | D        | Reached skill level 10 in Long Blades
   306 | D        | Reached skill level 5 in Throwing
   306 | D        | Reached skill level 5 in Armour
   306 | D        | Reached skill level 5 in Dodging
   306 | D        | Reached skill level 1 in Stealth
   335 | D        | Reached skill level 11 in Long Blades
   364 | D        | Noticed Blork the orc
   377 | D        | Killed Blork the orc
   377 | D        | Reached XP level 7. HP: 43/64 MP: 7/7
   391 | D        | Reached ***** piety under Trog
   391 | D        | Arena points: 134 (+84) [x4]
   415 | D        | Round 4.
   420 | D        | Noticed a redback
   428 | D        | Killed a redback
   428 | D        | Reached skill level 10 in Fighting
   428 | D        | Reached skill level 12 in Long Blades
   465 | D        | Noticed a jumping spider
   466 | D        | Received a gift from Trog
   466 | D        | Reached skill level 1 in Evocations
   469 | D        | Killed a jumping spider
   469 | D        | Reached skill level 13 in Long Blades
   469 | D        | Reached XP level 8. HP: 67/74 MP: 8/8
   499 | D        | Noticed a redback
   511 | D        | Slain by a redback

Skill      XL: |  1  2  3  4  5  6  7 |
---------------+----------------------+-----
Armour         | 3 4 5 |  5.2
Fighting       | 4 5 7 8 9 10 | 10.7
Long Blades    | 4 5 9 11 13 | 13.6
Throwing       | 1 4 5 7 |  7.3
Dodging        | 3 4 5 7 |  7.0
Stealth        | 1 2 |  2.2
Evocations     | 1 |  1.1

Action                   |  1- 3 |  4- 6 |  7- 9 || total
-------------------------+-------+-------+-------++-------
Melee: Falchion          |    45 |    20 |       ||    65
       Long sword        |       |    20 |    23 ||    43
Throw: Javelin           |       |       |     3 ||     3
Invok: Berserk           |     2 |     1 |       ||     3
       Trog's Hand       |     2 |     3 |     1 ||     6
 Abil: Evoke Flight      |       |     1 |       ||     1
  Eat: Chunk             |       |     3 |     1 ||     4
Armor: Animal skin       |     4 |     1 |       ||     5
Dodge: Dodged            |    27 |    17 |    13 ||    57
       Rpst.: Falchion   |     7 |     2 |       ||     9
       Long sword        |       |     4 |     6 ||    10
